 Dungeon Crawl Stone Soup version 0.31-a0-354-g827e0957a7 (webtiles) character file.

Game seed: 10525281923453295828

4076 bjtr the Geomancer (level 10, 0/54 HPs)
             Began as a Gargoyle Earth Elementalist on July 24, 2023.
             Was a Follower of Vehumet.
             Slain by a manticore (17 damage)
             ... on level 7 of the Dungeon.
             The game lasted 00:35:47 (6915 turns).

bjtr the Geomancer (Gargoyle Earth Elementalist)    Turns: 6915, Time: 00:35:50

Health: 0/54       AC: 13    Str: 12    XL:     10   Next: 25%
Magic:  8/22       EV: 11    Int: 20    God:    Vehumet [*.....]
Gold:   1259       SH:  4    Dex: 10    Spells: 13/26 levels left

rFire   . . .        D - +2 scimitar (flame)
rCold   . . .        B - +0 buckler
rNeg    + . .        n - +0 leather armour
rPois   ∞            (no helmet)
rElec   +            d - +1 cloak
rCorr   .            g - +0 pair of gloves
SInv    .            (no boots)
Will    .....        (no amulet)
Stlth   ++           F - +4 ring of slaying
HPRegen 0.29/turn    (no ring)
MPRegen 0.18/turn

%: no passive effects
@: no status effects
A: sickness immunity, AC +7, negative energy resistance 1, electricity
resistance, torment resistance 1, petrification resistance
a: Renounce Religion


You were on level 7 of the Dungeon.
You worshipped Vehumet.
Vehumet was aware of your devotion.
You visited 2 branches of the dungeon, and saw 8 of its levels.
You also visited: Ossuary.

You collected 1259 gold pieces.

Inventory:

Hand Weapons
 a - a +2 mace of protection
 b - a +1 heavy sling
 c - a +0 dagger
 e - a +0 spear
 j - a +1 whip of venom
 s - a +3 whip
 z - the +8 battleaxe "Q" {heavy, rC++}
   (You took it off an orc warrior on level 7 of the Dungeon)

   rC:        It greatly protects you from cold.
 D - a +2 scimitar of flaming (weapon)
 H - a +0 flail of protection
 L - a +2 dagger of speed
Missiles
 o - 5 poisoned darts
 G - 7 curare-tipped darts
Armour
 d - a +1 cloak (worn)
 g - a +0 pair of gloves (worn)
 h - a +0 robe
 m - a +0 ring mail
 n - a +0 leather armour (worn)
 B - a +0 buckler (worn)
Magical Staves
 v - a staff of poison
Jewellery
 F - a +4 ring of slaying (left hand)
Talismans
 i - a maw talisman
 q - a talisman of death
 r - a serpent talisman
Wands
 J - a wand of polymorph (10)
 N - a wand of flame (34)
Scrolls
 f - 7 scrolls of teleportation
 p - 2 scrolls of torment
 y - 3 scrolls of amnesia
 K - a scroll of fog
Potions
 k - 2 potions of lignification
 l - a potion of magic
 t - a potion of curing
 u - 5 potions of resistance
 w - a potion of might {unknown}
 x - 3 potions of enlightenment
 A - 2 potions of invisibility {unknown}
 E - a potion of brilliance
 I - a potion of cancellation {unknown}
 M - a potion of ambrosia {unknown}


   Skills:
 * Level 2.6 Fighting
 + Level 2.8 Armour
 + Level 3.1 Dodging
 + Level 3.4 Stealth
 + Level 4.1 Shields
 + Level 8.5 Spellcasting
 + Level 0.4 Conjurations
 - Level 0.7 Transmutations
 * Level 11.3 Earth Magic


You had 13 spell levels left.
You knew the following spells:

 Your Spells              Type           Power      Damage    Failure   Level
a - Sandblast             Erth           100%       2d20      1%          1
b - Passwall              Tmut/Erth      26%        N/A       1%          2
c - Stone Arrow           Conj/Erth      64%        3d11      3%          3
d - Petrify               Tmut/Erth      32%        N/A       12%         4
e - Summon Small Mammal   Summ           32%        N/A       14%         1
f - Blink                 Tloc           16%        N/A       22%         2

Your spell library contained the following spells:

 Spells                   Type           Power      Damage    Failure   Level
 Magic Dart               Conj           40%        1d5       12%         1
 Shock                    Conj/Air       36%        1d5       13%         1
 Momentum Strike          Conj/Tloc      18%        3d8       19%         2
 Lesser Beckoning         Tloc           16%        N/A       22%         2
 Call Canine Familiar     Summ           8%         N/A       38%         3
 Summon Guardian Golem    Hex/Summ       8%         N/A       38%         3
 Swiftness                Air            8%         N/A       38%         3
 Airstrike                Air            4%         2d(1-17)  80%         4


Dungeon Overview and Level Annotations

Branches:
Dungeon (7/15)             Temple (1/1) D:7         Ossuary (visited)

Altars:
Ashenzari
Cheibriados
Dithmenos
Elyvilon
Fedhas
Kikubaaqudgha
Makhleb
Nemelex Xobeh
Okawaru
Qazlal
Ru
Sif Muna
Trog
Vehumet
Wu Jian
Xom
Yredelemnul


Innate Abilities, Weirdness & Mutations

You are immune to sickness and miasma.
Your stone body is resilient. (AC +7)
You are immune to poison.
You resist negative energy. (rN+)
You are resistant to electric shocks. (rElec)
You are resistant to unholy torment.
You are immune to petrification.


Message History

Okay, then.
Unknown command.
Unknown command.
Unknown command.
Casting: Passwall (safe; 1% risk of failure)
Confirm with . or Enter, or press ? or * to list all spells.
Aiming: Stone Arrow (dangerous; 3% risk of failure)
Press: ? - help, Shift-Dir - straight line, f/p - manticore
Aim: a manticore (moderately wounded, 84% to hit)
The stone arrow misses the manticore.
The manticore bites you. The manticore closely misses you.
The manticore claws you but does no damage.
Unknown command.
Casting: Stone Arrow (dangerous; 3% risk of failure)
Confirm with . or Enter, or press ? or * to list all spells.
Aiming: Stone Arrow (dangerous; 3% risk of failure)
Press: ? - help, Shift-Dir - straight line, f/p - manticore
Aim: a manticore (moderately wounded, 84% to hit)
The stone arrow hits the manticore!
The manticore is heavily wounded.
The manticore closely misses you. The manticore claws you.
The manticore barely misses you.
Casting: Stone Arrow (dangerous; 3% risk of failure)
Confirm with . or Enter, or press ? or * to list all spells.
Aiming: Stone Arrow (dangerous; 3% risk of failure)
Press: ? - help, Shift-Dir - straight line, f/p - manticore
Aim: a manticore (heavily wounded, 84% to hit)
The stone arrow hits the manticore.
The manticore is severely wounded.
You block the manticore's attack. The manticore claws you.
The manticore claws you but does no damage.
Casting: Stone Arrow (dangerous; 3% risk of failure)
Confirm with . or Enter, or press ? or * to list all spells.
Aiming: Stone Arrow (dangerous; 3% risk of failure)
Press: ? - help, Shift-Dir - straight line, f/p - manticore
Aim: a manticore (severely wounded, 84% to hit)
The stone arrow hits the manticore!
The manticore is almost dead.
The manticore bites you!
You die...

#.# ##.##### #.# #.# #.#
#.# #.# #.# #.# #.#
#####.## #.# ######......##
#.##
###......###...######..####
#...#.....@.....#..........
#.##..###H###.....###'###..
#.#..##.....##...##..#####.
#...##.#####.##.##.####..##
#..##.## ##.###.###..##.#
#..#.## ##.##.##.#####.
#..##.# #.###.#.#..##.
#..'##o# #.'##.##[##.##
#..#.#y# #.#.##..#.#.##


You could see a manticore.

Vanquished Creatures
  An ugly thing (D:7)
  A basilisk (D:7)
  A vampire mosquito (D:7)
  Menkaure (D:6)
  Edmund (D:6)
  Duvessa (D:6)
  A sky beast (D:6)
  4 ice beasts
  3 black bears
  3 orc warriors (D:7)
  A phantom (D:7)
  2 kobold brigands
  2 elf zombies (Ossuary)
  2 bullfrogs (D:7)
  2 scorpions
  8 wights
  Dowan (D:6)
  3 killer bees (D:6)
  2 howler monkeys
  2 centaur zombies (Ossuary)
  5 hounds
  A human zombie (Ossuary)
  A jelly (D:6)
  An orc priest (D:5)
  An iguana (D:4)
  8 orc wizards
  2 mummies (Ossuary)
  3 gnolls (D:5)
  8 adders
  3 white imps
  An ufetubus (D:7)
  2 adder zombies (Ossuary)
  3 dart slugs
  11 orcs
  4 bats
  4 endoplasms
  3 giant cockroaches
  4 goblins
  12 hobgoblins
  4 jackals (D:2)
  11 kobolds
  3 quokkas
  6 ball pythons
  3 frilled lizards
  2 goblin zombies (Ossuary)
  11 hobgoblin zombies (Ossuary)
  2 jackal zombies (Ossuary)
  9 kobold zombies (Ossuary)
  5 orc zombies (Ossuary)
  7 rats
182 creatures vanquished.

Notes
Turn   | Place    | Note
-------+----------+-------------------------------------------
     0 | D:1      | bjtr the Gargoyle Earth Elementalist began the quest for
                  | the Orb.
     0 | D:1      | Reached XP level 1. HP: 10/10 MP: 3/3
    63 | D:1      | Reached skill level 4 in Earth Magic
    94 | D:1      | Reached XP level 2. HP: 15/15 MP: 1/5
   598 | D:2      | Reached XP level 3. HP: 15/19 MP: 3/6
  1020 | D:2      | Reached XP level 4. HP: 24/24 MP: 1/8
  1026 | D:2      | Reached skill level 5 in Earth Magic
  1502 | D:3      | Learned a level 2 spell: Passwall
  1506 | D:3      | Learned a level 3 spell: Stone Arrow
  1580 | D:3      | Found a shimmering blue altar of Sif Muna.
  1868 | D:3      | Reached XP level 5. HP: 28/28 MP: 7/10
  2065 | D:3      | You fall into a shaft and drop 3 floors!
  2082 | D:6      | Noticed a sky beast
  2103 | D:6      | Noticed a kobold brigand
  2113 | D:6      | Killed a kobold brigand
  2114 | D:6      | Reached XP level 6. HP: 6/32 MP: 1/12
  2226 | D:6      | Killed a sky beast
  2227 | D:6      | Reached skill level 1 in Armour
  2227 | D:6      | Reached skill level 6 in Earth Magic
  2242 | D:6      | Reached skill level 1 in Fighting
  2306 | D:6      | Reached XP level 7. HP: 35/38 MP: 10/14
  2337 | D:6      | Reached skill level 5 in Spellcasting
  2369 | D:6      | Found a sand-covered staircase.
  2373 | Ossuary  | Entered an ossuary
  2469 | Ossuary  | Learned a level 1 spell: Summon Small Mammal
  2474 | Ossuary  | Learned a level 4 spell: Petrify
  2653 | Ossuary  | Reached skill level 7 in Earth Magic
  2950 | D:5      | Entered Level 5 of the Dungeon
  3518 | D:4      | Reached XP level 8. HP: 43/43 MP: 11/16
  3607 | D:4      | Reached skill level 1 in Shields
  3755 | D:4      | Found an ancient bone altar of Kikubaaqudgha.
  4283 | D:5      | Reached skill level 8 in Earth Magic
  4566 | D:5      | Found a blossoming altar of Fedhas.
  4933 | D:6      | Noticed Dowan
  4934 | D:6      | Noticed Duvessa
  4945 | D:6      | Killed Duvessa
  4946 | D:6      | Reached skill level 9 in Earth Magic
  4946 | D:6      | Reached XP level 9. HP: 15/47 MP: 11/18
  4947 | D:6      | Killed Dowan
  5113 | D:6      | Noticed Menkaure
  5116 | D:6      | Killed Menkaure
  5341 | D:6      | Found an ornate altar of the Wu Jian Council.
  5341 | D:6      | Noticed Edmund
  5345 | D:6      | Killed Edmund
  5541 | D:7      | Identified a scroll of acquirement
  5541 | D:7      | Acquired 840 gold pieces
  5687 | D:7      | Found a staircase to the Ecumenical Temple.
  5704 | Temple   | Entered the Ecumenical Temple
  5717 | Temple   | Became a worshipper of Vehumet
  5765 | D:7      | Noticed a cyan ugly thing
  5817 | D:7      | Killed a cyan ugly thing
  5818 | D:7      | Reached skill level 10 in Earth Magic
  6252 | D:7      | Reached XP level 10. HP: 42/53 MP: 22/22
  6295 | D:7      | Learned a level 2 spell: Blink
  6379 | D:7      | Found a snail-covered altar of Cheibriados.
  6380 | D:7      | Found a white marble altar of Elyvilon.
  6380 | D:7      | Found a shimmering blue altar of Sif Muna.
  6380 | D:7      | Found a shimmering blue altar of Sif Muna.
  6422 | D:7      | Reached skill level 11 in Earth Magic
  6673 | D:7      | Identified the +8 battleaxe "Q" {heavy, rC++}
  6835 | D:7      | Reached * piety under Vehumet
  6835 | D:7      | Offered knowledge of Magic Dart by Vehumet.
  6907 | D:7      | Noticed a manticore
  6915 | D:7      | Slain by a manticore

Illustrated notes

Levels and vault maps discovered:
D:1:      dpeg_arrival_pits, layout_rooms, chequers_serial_rivers_micro_a
D:2:      layout_loops_cross, minmay_between
D:3:      layout_basic, led_sif_book, mrwooster_statue_mirror, minmay_puff
D:4:      layout_cave_pools, lemuel_tele_altar, st_stairs_8
D:5:      layout_loops_ring, kennysheep_little_box
D:6:      layout_gridville, mainiacjoe_overflow_alcove_4,
          nicolae_ossuary_entry_plus, uniq_edmund, uniq_menkaure, uniq_duvessa
D:7:      minmay_the_grid_octo_2x2 [minmay_the_grid_octo_fan_narrow,
          minmay_the_grid_octo_chip, minmay_the_grid_octo_shrine,
          minmay_the_grid_octo_prize_single_spiral], layout_loops_ring,
          temple_statues
Temple:   nicolae_temple_ecumenical_triangle

Skill      XL: |  1  2  3  4  5  6  7  8  9 10 |
---------------+-------------------------------+-----
Earth Magic    | 4 5 6 7 9 10 11 | 11.3
Spellcasting   | 3 4 5 6 8 |  8.5
Armour         | 1 2 |  2.8
Fighting       | 1 2 |  2.6
Dodging        | 2 3 |  3.1
Stealth        | 3 |  3.4
Shields        | 2 4 |  4.1
Conjurations   | |  0.4
Transmutations | |  0.7

Action                     |  1- 3 |  4- 6 |  7- 9 | 10-12 || total
---------------------------+-------+-------+-------+-------++-------
  Melee: Dagger            |    10 |       |       |       ||    10
         Mace              |    25 |    19 |   146 |       ||   190
         Punch             |       |       |     1 |       ||     1
         Scimitar          |       |       |    52 |    24 ||    76
   Cast: Sandblast         |    33 |    34 |   176 |    18 ||   261
         Passwall          |       |     2 |     3 |     1 ||     6
         Stone Arrow       |       |       |     1 |    11 ||    12
    Use: Scroll            |       |     7 |     6 |       ||    13
         Potion            |       |       |     6 |     2 ||     8
   Stab: Sleeping          |     1 |     3 |     5 |       ||     9
 Armour: Robe              |    14 |       |       |       ||    14
         Leather armour    |     3 |    16 |   242 |    33 ||   294
  Dodge: Dodged            |    38 |    32 |   223 |    22 ||   315
  Block: Buckler           |       |       |    41 |    14 ||    55

Table legend: (Time is in decaauts)
 A = Elapsed time spent in this place.
 B = Non-inter-level travel time spent in this place.
 C = Inter-level travel time spent in this place.
 D = Time resting spent in this place.
 E = Time spent auto-exploring this place.
 F = Levels seen in this place.
 G = Mean time per level.
                   A        B        C        D        E       F      G
               +--------+--------+--------+--------+--------+-----+--------+
         Total |   7123 |   6854 |    269 |    861 |   3984 |   9 |  791.4 |
       Dungeon |   6526 |   6265 |    261 |    659 |   3942 |   7 |  932.3 |
        Temple |     22 |     14 |      8 |      0 |      0 |   1 |   22.0 |
       Ossuary |    574 |    574 |      0 |    201 |     42 |   1 |  574.0 |
               +--------+--------+--------+--------+--------+-----+--------+

Top non-repeatable levels by time:
     D:7: 1380 daAuts
     D:6: 1101 daAuts
     D:3: 982 daAuts
     D:2: 923 daAuts
     D:5: 841 daAuts
     D:4: 691 daAuts
     D:1: 604 daAuts
 Ossuary: 574 daAuts
  Temple: 22 daAuts
